 Dungeon Crawl Stone Soup version 0.29-a0-23-ga79f92ac9c (webtiles) character file.

Game seed: 242661050725203444

65 HallandMoats the Skirmisher (level 3, -2/29 HPs)
             Began as a Demonspawn Fighter on Jan 30, 2022.
             Slain by a goblin (5 damage)
             ... led by Robin
             ... on level 2 of the Dungeon.
             The game lasted 00:01:25 (1522 turns).

HallandMoats the Skirmisher (Demonspawn Fighter)    Turns: 1522, Time: 00:01:27

Health: -2/29      AC: 12    Str: 18    XL:     3   Next: 92%
Magic:  4/4        EV: 11    Int: 11    God:
Gold:   40         SH:  4    Dex: 12    Spells: 2/2 levels left

rFire   . . .      SeeInvis .   a - +0 war axe
rCold   . . .      Faith    .   c - +0 buckler
rNeg    . . .      Spirit   .   n - +7 ring mail of Restlessness {rElec Int+2}
rPois   .          Reflect  .   (no helmet)
rElec   +          Harm     .   (no cloak)
rCorr   .          Rampage  .   (no gloves)
Will    .....                   (no boots)
Stlth   +.........              (no amulet)
HPRegen 0.09/turn               (no ring)
MPRegen 0.09/turn               (no ring)

@: no status effects
A: sturdy frame 2
a: no special abilities


You were on level 2 of the Dungeon.
You visited 1 branch of the dungeon, and saw 2 of its levels.

You collected 40 gold pieces.

Inventory:

Hand Weapons
 a - a +0 war axe (weapon)
Armour
 c - a +0 buckler (worn)
 n - the +7 ring mail of Restlessness (worn) {rElec Int+2}
   (You found it on level 2 of the Dungeon)

   Int:       It affects your intelligence (+2).
   rElec:     It insulates you from electricity.
Wands
 b - a wand of digging (9)
Scrolls
 e - 2 scrolls of immolation {unknown}
 g - a scroll of vulnerability {unknown}
 h - a scroll of identify {unknown}
 l - a scroll of blinking {unknown}
 o - a scroll of enchant armour {unknown}
Potions
 d - a potion of might
 f - a potion of curing {unknown}
 i - 2 potions of haste {unknown}
 j - a potion of mutation {unknown}
 k - a potion of resistance {unknown}
 m - a potion of degeneration {unknown}


   Skills:
 * Level 3.5 Fighting
 * Level 2.3 Axes
 + Level 2.9 Armour
 + Level 0.8 Dodging
 + Level 2.9 Shields
 * Level 1.8 Invocations


You had 2 spell levels left.
You didn't know any spells.
Your spell library contained the following spells:

 Spells                   Type           Power      Damage    Failure   Level
 Magic Dart               Conj           0%         1d3       45%         1
 Searing Ray              Conj           0%         2d4       61%         2
 Fulminant Prism          Conj/Hex       0%         3d6       99%         4


Dungeon Overview and Level Annotations

Branches:
Dungeon (2/15)

Altars:

Annotations:
D:2 Robin


Innate Abilities, Weirdness & Mutations

Your movements are less encumbered by armour. (ER -4)


Message History

You barely miss the goblin.
The goblin is severely wounded.
You barely miss the goblin. You hit the goblin.
You kill the goblin!
You hit the goblin.
You kill the goblin!
You hit the hobgoblin.
You kill the hobgoblin!
You hit the goblin.
You kill the goblin!
The goblin hits you but does no damage.
Robin says, "My goblins will feast on your bones."
You block the goblin's attack.
You closely miss the goblin.
The goblin is severely wounded.
You miss the goblin. You closely miss the goblin. x2
The goblin hits you but does no damage. The goblin closely misses you.
The goblin barely misses you. You block the goblin's attack.
The goblin hits you with a +0 club. The goblin barely misses you.
You hit the goblin.
You kill the goblin!
You hit the goblin. You barely miss the goblin. You closely miss the goblin.
You hit the goblin. The goblin closely misses you.
The goblin hits you with a +0 club. Robin throws the goblin at you!
The goblin hits you but does no damage. The goblin hits you with a +0 club.
* * * LOW HITPOINT WARNING * * *
The goblin hits you with a +0 club.
* * * LOW HITPOINT WARNING * * *
The goblin barely misses you.
You are too injured to fight recklessly!
Unknown command.
You are too injured to fight recklessly!
Unknown command.
You hit the goblin but do no damage.
The goblin is severely wounded.
You slash the goblin!
You kill the goblin!
You closely miss the goblin. You barely miss the goblin.
The goblin hits you but does no damage. The goblin hits you with a +0 club.
You die...

#.# #...... #.# ......
#.# # ..... #.# #.#...#
######## #.#
#.#...###......#####.#
#....?' +......+...#.#
#####.)g###......###.#.#
......)@g...............
#####.gg#####........#.#
####..<...†...###...
#+######.†.#####.
#.'...+.....
#.#...#####.
#.#.........
#.#.###....#
#.#.###....#


You could see Robin and 3 goblins.

Vanquished Creatures
  2 adders (D:2)
  2 worms (D:2)
  A dart slug (D:2)
  A bat (D:2)
  4 endoplasms (D:1)
  7 goblins (D:2)
  6 hobgoblins
  2 jackals (D:1)
  A kobold (D:2)
  2 quokkas (D:1)
  6 ball pythons
  2 frilled lizards
  A rat (D:1)
37 creatures vanquished.

Notes
Turn   | Place    | Note
-------+----------+-------------------------------------------
     0 | D:1      | HallandMoats the Demonspawn Fighter began the quest for the
                  | Orb.
     0 | D:1      | Reached XP level 1. HP: 18/18 MP: 1/1
   489 | D:1      | Gained mutation: Your movements are slightly less
                  | encumbered by armour. (ER -2) [demonic ancestry]
   489 | D:1      | Reached XP level 2. HP: 21/24 MP: 2/2
   748 | D:1      | Reached skill level 1 in Invocations
  1145 | D:2      | Gained mutation: Your movements are less encumbered by
                  | armour. (ER -4) [demonic ancestry]
  1145 | D:2      | Reached XP level 3. HP: 21/29 MP: 2/4
  1149 | D:2      | Identified the +7 ring mail of Restlessness {rElec Int+2}
  1512 | D:2      | Noticed Robin
  1522 | D:2      | Slain by a goblin

Illustrated notes

Levels and vault maps discovered:
D:1:      minmay_arrival_solitary_statue, layout_loops_corners,
          minmay_misc_feat_rugged, minmay_pentomino_u2
D:2:      layout_basic, shapermc_ecumenical_altar_mp_ritualfount, uniq_robin

Skill      XL: |  1  2 |
---------------+-------+-----
Axes           | 2 |  2.3
Invocations    | 1 |  1.8
Fighting       | |  3.5
Armour         | |  2.9
Dodging        | |  0.8
Shields        | |  2.9

Action                   || total
-------------------------++-------
Melee: War axe           ||    82
Armor: Scale mail        ||    21
       Ring mail         ||    31
Dodge: Dodged            ||    59
Block: Buckler           ||    24

Table legend: (Time is in decaauts)
 A = Elapsed time spent in this place.
 B = Non-inter-level travel time spent in this place.
 C = Inter-level travel time spent in this place.
 D = Time resting spent in this place.
 E = Time spent auto-exploring this place.
 F = Levels seen in this place.
 G = Mean time per level.
                   A        B        C        D        E       F      G
               +--------+--------+--------+--------+--------+-----+--------+
         Total |   1557 |   1524 |     33 |      0 |   1285 |   2 |  778.5 |
       Dungeon |   1557 |   1524 |     33 |      0 |   1285 |   2 |  778.5 |
               +--------+--------+--------+--------+--------+-----+--------+

Top non-repeatable levels by time:
     D:1: 1110 daAuts
     D:2: 447 daAuts
